 Dungeon Crawl Stone Soup version 0.19-a0-1238-gee6bd96 (webtiles) character file.

45 inmateoo the Insei (level 3, 0/26 HPs)
             Began as a Demonspawn Transmuter on Aug 26, 2016.
             Slain by a quokka (3 damage)
             ... on level 2 of the Dungeon.
             The game lasted 00:02:45 (1472 turns).

inmateoo the Insei (Demonspawn Transmuter)          Turns: 1472, Time: 00:02:45

Health: 0/26       AC:  2    Str: 10    XL:     3   Next: 42%
Magic:  3/6        EV: 12    Int: 14    God:
Gold:   117        SH:  0    Dex: 14    Spells: 3 memorised, 0 levels left

rFire  . . .     SeeInvis .       - Unarmed
rCold  . . .     Gourm    .     b - +0 robe
rNeg   + . .     Faith    .     (no shield)
rPois  .         Spirit   .     (no helmet)
rElec  .         Dismiss  .     (no cloak)
rCorr  +         Reflect  .     (no gloves)
MR     .....     Harm     .     (boots currently unavailable)
Stlth  +.........               (no amulet)
                                n - ring of positive energy
                                h - ring of resist corrosion

@: appendage
A: talons 3, rot immunity
a: End Transformation


You were on level 2 of the Dungeon.
You were hungry.
You had grown temporary talons.
You visited 1 branch of the dungeon, and saw 3 of its levels.

You collected 117 gold pieces.

Inventory:

Missiles
 a - 32 arrows
 g - 153 stones (quivered)
Armour
 b - a +0 robe (worn)
Jewellery
 h - a ring of resist corrosion (left hand)
 n - a ring of positive energy (right hand)
Scrolls
 e - a scroll of recharging {unknown}
 f - 4 scrolls of identify {unknown}
 i - a scroll of remove curse {unknown}
 j - a scroll of fog {unknown}
 l - 2 scrolls of teleportation {unknown}
 m - a scroll of enchant armour {unknown}
Books
 c - a book of Changes

   Spells                             Type                      Level
   a - Beastly Appendage              Transmutation                1
   b - Sticks to Snakes               Transmutation                2
   c - Spider Form                    Transmutation/Poison         3
   d - Ice Form                       Ice/Transmutation            4
   e - Blade Hands                    Transmutation                5
Comestibles
 d - a bread ration
 k - 3 chunks of flesh
 o - a meat ration


   Skills:
 + Level 1.4 Fighting
 - Level 2.0 Dodging
 * Level 3.2 Unarmed Combat
 + Level 2.3 Spellcasting
 + Level 2.2 Transmutations


You couldn't memorise any spells.
You knew the following spells:

 Your Spells              Type           Power        Failure   Level  Hunger
a - Beastly Appendage     Tmut           #.....       12%         1    #......
b - Sticks to Snakes      Tmut           #.......     17%         2    ###....
c - Spider Form           Tmut/Pois      #.........   47%         3    ###....


Dungeon Overview and Level Annotations

Branches:
Dungeon (3/15)

Altars:
Ru

Annotations:
D:3 Grinder


Innate Abilities, Weirdness & Mutations

You are immune to rotting.
You have claws for feet.


Message History

You swap places.
Your ball python bites the quokka but does no damage.
Your ball python grabs the quokka.
Your ball python constricts the quokka.
The quokka closely misses your ball python.
Your ball python bites the quokka but does no damage.
Your ball python constricts the quokka.
The quokka closely misses your ball python.
Your ball python barely misses the quokka.
Your ball python constricts the quokka.
The quokka bites your ball python.
Your ball python dies!
The quokka barely misses you.
Casting: Sticks to Snakes
Confirm with . or Enter, or press ? or * to list all spells.
Your feet morph into talons.
The quokka bites you.
* * * LOW HITPOINT WARNING * * *
You hit the quokka.
The quokka is severely wounded.
The quokka bites you.
You die...

.####....######
.........#....#
##.####..#.##.# #########
.....##.....#.##### #........
......#.....#.#...# #........
......#.#.###.#)#.###........
.)_..............>..#........
......#..##.###.#####........
......#.....# #.@rr.'..?.....
.....##..## # #######........
##.####.. #......<. ..... ...
......... #####. ..#######
...... ...# .#... ...# ## ..
..$.# # .


You could see a quokka and a rat.

Vanquished Creatures
  2 oozes (D:1)
  2 dart slugs
  A ball python (D:2)
  6 bats
  A giant cockroach (D:2)
  3 goblins
  4 hobgoblins
  4 jackals (D:2)
  3 kobolds
  A giant newt (D:1)
  4 rats
31 creatures vanquished.

Vanquished Creatures (collateral kills)
  A bat (D:2)
1 creature vanquished.

Grand Total: 32 creatures vanquished

Notes
Turn   | Place    | Note
-------+----------+-------------------------------------------
     0 | D:1      | inmateoo the Demonspawn Transmuter began the quest for the Orb.
     0 | D:1      | Reached XP level 1. HP: 15/15 MP: 3/3
   185 | D:1      | Gained mutation: You are immune to rotting. [demonic ancestry]
   185 | D:1      | Reached XP level 2. HP: 16/21 MP: 3/5
   189 | D:1      | Reached skill level 3 in Unarmed Combat
   577 | D:1      | HP: 1/21 [hobgoblin/club (6)]
  1015 | D:2      | Reached XP level 3. HP: 11/26 MP: 4/6
  1241 | D:3      | Learned a level 2 spell: Sticks to Snakes
  1245 | D:3      | Learned a level 3 spell: Spider Form
  1361 | D:2      | Found a sacrificial altar of Ru.
  1444 | D:3      | Noticed Grinder
  1472 | D:2      | Slain by a quokka

Vault maps used:
D:1:      lightli_arrival_boilingwater
D:2:      old_standard_altar
D:3:      portal_sewer_entry_b, grunt_ministairs_10, uniq_grinder

Skill      XL: |  1  2 |
---------------+-------+-----
Dodging        | 2 |  2.0
Unarmed Combat | 3 |  3.2
Transmutations | 2 |  2.2
Fighting       | |  1.4
Spellcasting   | |  2.3

Action                   || total
-------------------------++-------
Melee: Unarmed           ||   124
       Kick              ||     8
       Headbutt          ||     2
Throw: Stone             ||     4
 Cast: Beastly Appendage ||    17
       Sticks to Snakes  ||     3
 Stab: Sleeping          ||     2
  Eat: Chunk             ||     2
Armor: Robe              ||    54
Dodge: Dodged            ||   102
